 Dungeon Crawl Stone Soup version 0.20.0-4-g10b340a (webtiles) character file.

60 JorJi the Chiller (level 4, -1/30 HPs)
             Began as a Barachi Ice Elementalist on May 27, 2017.
             Slain by Crazy Yiuf
             ... wielding a +3 quarterstaff of chaos
              (14 damage)
             ... on level 2 of the Dungeon.
             The game lasted 00:14:07 (2039 turns).

JorJi the Chiller (Barachi Ice Elementalist)        Turns: 2039, Time: 00:14:08

Health: -1/30      AC:  7    Str:  9    XL:     4   Next: 6%
Magic:  2/8        EV: 12    Int: 15    God:
Gold:   48         SH:  0    Dex: 14    Spells: 2/8 levels left

rFire    . . .     SeeInvis .   d - +0 dagger
rCold    . . .     Gourm    .   (no shield)
rNeg     . . .     Faith    .   a - +0 robe
rPois    .         Spirit   .   (no helmet)
rElec    .         Reflect  .   (no cloak)
rCorr    .         Harm     .   (no gloves)
MR       .....                  (no boots)
Stlth    ++........             (no amulet)
Regen    0.1/turn               o - ring of flight
MPRegen  0.2/turn               (no ring)

@: icy armour, very slow
A: +LOS, swims, slowness 1, strong legs 1
a: Hop, Evoke Flight


You were on level 2 of the Dungeon.
You were very hungry.

You visited 1 branch of the dungeon, and saw 2 of its levels.

You collected 48 gold pieces.

Inventory:

Hand Weapons
 d - a +0 dagger (weapon)
Armour
 a - a +0 robe (worn)
Jewellery
 o - a ring of flight (left hand)
Scrolls
 e - a scroll of magic mapping {unknown}
 f - a scroll of fog {unknown}
 k - a scroll of enchant weapon {unknown}
 m - 2 scrolls of identify {unknown}
 p - a scroll of random uselessness {unknown}
 q - a scroll of immolation {unknown}
Potions
 g - a potion of degeneration {unknown}
 h - a potion of curing {unknown}
 i - a potion of haste {unknown}
 j - a potion of invisibility {unknown}
 l - a potion of might {unknown}
Books
 b - a book of Frost

   Spells                             Type                      Level
   a - Freeze                         Ice                          1
   b - Throw Frost                    Conjuration/Ice              2
   c - Ozocubu's Armour               Charms/Ice                   3
   d - Throw Icicle                   Conjuration/Ice              4
   e - Summon Ice Beast               Ice/Summoning                4
Comestibles
 c - 4 bread rations
 n - a meat ration
 r - 2 chunks of flesh


   Skills:
 - Level 2.1 Dodging
 - Level 1.7 Stealth
 + Level 2.7 Spellcasting
 + Level 1.4 Conjurations
 + Level 0.2 Charms
 - Level 5.1 Ice Magic


You had 2 spell levels left.
You knew the following spells:

 Your Spells              Type           Power        Failure   Level  Hunger
a - Freeze                Ice            ###.         2%          1    #......
b - Ozocubu's Armour      Chrm/Ice       ##......     21%         3    ###....
c - Throw Frost           Conj/Ice       ##....       8%          2    ##.....


Dungeon Overview and Level Annotations

Branches:
Dungeon (2/15)

Altars:
Trog

Annotations:
D:2 Crazy Yiuf


Innate Abilities, Weirdness & Mutations

Shadows flee at your approach. (+LOS)
You can swim through water.
You cover ground slowly.
You can hop short distances.


Message History

You can't see any susceptible monsters within range! (Use Z to cast anyway.) Unknown command.
Crazy Yiuf barely misses you. Crazy Yiuf misses you.
There is an open door here.
You hit Crazy Yiuf but do no damage.
Crazy Yiuf is lightly wounded.
Crazy Yiuf hits you but does no damage.
You hit Crazy Yiuf but do no damage.
Crazy Yiuf is lightly wounded.
You barely miss Crazy Yiuf.
Crazy Yiuf is lightly wounded.
Crazy Yiuf closely misses you.
You hit Crazy Yiuf but do no damage.
Crazy Yiuf is lightly wounded.
Crazy Yiuf hits you with a quarterstaff of chaos!
Ouch! That really hurt!
You hit Crazy Yiuf.
Crazy Yiuf is lightly wounded.
Crazy Yiuf hits you with a quarterstaff of chaos!
You die...

..# #.###.# #.#
### #.....# #.#
##.#.## #.#
###.### ###
#....# #....#
♣♣♣♣♣###
######.#.## ####
♣♣♣)♣....##
.......#.#
#...#♣..♣......##
######.#.##
#..g@.♣♣♣♣.....)#
#####.#..#
#)..#♣♣ ♣♣.....#
#........# ####
♣♣###.#
#.###.##.# #.#
#.##.# #.# #.##.#
### ########.#
#.##.####.#
#...#.##.#
#......(..#
#.###....#
####.###### #.#
#.####


You could see Crazy Yiuf.

Vanquished Creatures
  2 adders (D:2)
  A worm (D:2)
  3 leopard geckos
  2 giant cockroaches (D:2)
  6 goblins
  5 hobgoblins
  3 kobolds
  4 bats
  3 frilled lizards
  6 rats
35 creatures vanquished.

Notes
Turn   | Place    | Note
-------+----------+-------------------------------------------
     0 | D:1      | JorJi the Barachi Ice Elementalist began the quest for the Orb.
     0 | D:1      | Reached XP level 1. HP: 13/13 MP: 3/3
   199 | D:1      | Reached skill level 4 in Ice Magic
   320 | D:1      | Reached XP level 2. HP: 5/19 MP: 5/5
  1272 | D:2      | Reached XP level 3. HP: 15/24 MP: 4/6
  1438 | D:2      | Reached skill level 5 in Ice Magic
  1678 | D:2      | Learned a level 3 spell: Ozocubu's Armour
  1681 | D:2      | Learned a level 2 spell: Throw Frost
  1861 | D:2      | Noticed a moth of wrath
  1864 | D:2      | Found a bloodstained altar of Trog.
  1981 | D:2      | Reached XP level 4. HP: 26/30 MP: 8/8
  2026 | D:2      | Found a runed door.
  2030 | D:2      | Noticed Crazy Yiuf
  2039 | D:2      | Slain by Crazy Yiuf

Skill      XL: |  1  2  3 |
---------------+----------+-----
Ice Magic      | 4 5 |  5.1
Dodging        | |  2.1
Stealth        | |  1.7
Spellcasting   | |  2.7
Conjurations   | |  1.4
Charms         | |  0.2

Action                   |  1- 3 |  4- 6 || total
-------------------------+-------+-------++-------
Melee: Dagger            |    63 |     9 ||    72
 Cast: Freeze            |    40 |       ||    40
       Throw Frost       |     1 |     2 ||     3
       Ozocubu's Armour  |       |     1 ||     1
 Stab: Sleeping          |     1 |       ||     1
  Eat: Chunk             |     4 |       ||     4
Armor: Robe              |     9 |     3 ||    12
Dodge: Dodged            |    65 |     8 ||    73
